Map: Prion Terraces

Players

Fropez

  • Race: Protoss Protoss
  • League: Silver
  • Spawn Location: 11:00

slider - Winner!

  • Race: Protoss Protoss
  • League: Silver
  • Spawn Location: 5:00

VOD

Have the link to the VOD?

Description

Time

  • Played on: April 16, 2016, 5:18 p.m.
  • Length: 15:24
Show
View Real Time Build Order
Export as new Build Order

Fropez Protoss 

Build Orders:  

Get SALT Encoding   

  12  0:02  Probe (Chrono Boost)  
  13  0:21  Probe (Chrono Boost)  
  14  0:22  Pylon  
  14  0:31  Probe (Chrono Boost)  
  15  0:42  Probe (Chrono Boost), Gateway  
  16  0:49  Pylon  
  16  0:53  Probe (Chrono Boost)  
  17  1:00  Assimilator  
  17  1:03  Probe (Chrono Boost)  
  18  1:07  Pylon  
  18  1:14  Probe (Chrono Boost)  
  18  1:30  Zealot  
  20  1:34  Probe (Chrono Boost)  
  21  1:45  Pylon  
  21  1:46  Pylon  
  20  1:54  Probe (Chrono Boost)  
  20  1:55  Forge  
  21  2:05  Probe (Chrono Boost)  
  21  2:15  Probe (Chrono Boost)  
  21  2:26  Probe (Chrono Boost)  
  22  2:35  Photon Cannon  
  22  2:37  Probe (Chrono Boost)  
  23  2:41  Pylon  
  23  2:47  Probe (Chrono Boost)  
  23  2:58  Probe (Chrono Boost)  
  24  2:59  Zealot  
  22  3:08  Probe (Chrono Boost)  
  23  3:14  Photon Cannon  
  23  3:15  Assimilator  
  23  3:19  Probe (Chrono Boost)  
  24  3:22  Cybernetics Core  
  24  3:28  Pylon  
  24  3:29  Probe (Chrono Boost)  
  25  3:40  Probe (Chrono Boost)  
  26  3:51  Probe (Chrono Boost)  
  27  4:02  Probe (Chrono Boost)  
  28  4:05  Twilight Council  
  28  4:12  Probe (Chrono Boost)  
  29  4:19  Gateway  
  29  4:20  Stalker  
  29  4:22  Gateway  
  29  4:23  Probe (Chrono Boost)  
  32  4:35  Mothership Core (Chrono Boost)  
  34  4:50  Stalker  
  36  4:56  Pylon  
  36  5:01  Photon Cannon  
  36  5:03  Probe (Chrono Boost)  
  37  5:15  Probe (Chrono Boost)  
  38  5:35  Stalker x2  
  38  5:38  Blink (Chrono Boost)  
  38  5:40  Probe  
  43  6:16  Stalker  
  43  6:18  Stalker  
  47  6:19  Stalker  
  47  6:21  Protoss Ground Weapons Level 1  
  47  6:25  Probe  
  50  6:37  Probe  
  51  6:46  Stalker  
  53  6:48  Stalker  
  53  6:49  Probe, Stalker  
  53  6:50  Warp Gate  
  53  6:54  Gateway  
  58  7:01  Probe  
  57  7:13  Probe  
  58  7:20  Zealot  
  58  7:21  Zealot  
  62  7:25  Probe  
  63  7:34  Pylon  
  63  7:36  Pylon  
  63  7:52  Probe, Zealot x3  
  70  8:05  Probe, Robotics Facility  
  71  8:24  Probe  
  72  8:34  Protoss Ground Weapons Level 2  
  72  8:53  Warp Prism, Templar Archives  
  74  8:55  Probe  
  75  9:07  Probe  
  75  9:08  Pylon  
  74  9:32  Photon Cannon  
  74  10:03  Nexus  
  74  10:15  Nexus  
  74  10:47  Nexus  
  74  10:53  Observer  
  73  11:45  Warp Prism  
  75  11:57  Probe  
  75  12:00  Pylon  
  76  12:02  Probe  
  76  12:03  Assimilator  
  76  12:06  Assimilator  
  77  12:20  Warp Prism  
  74  12:40  Stalker x3  
  74  12:41  Stalker  
  73  13:00  Probe, Gateway  
  73  13:04  Gateway  
  74  13:10  Probe  
  75  13:47  Pylon  
  75  14:00  Stargate  
  75  14:03  Probe  
  75  14:04  Stargate  
  75  14:06  Stargate  
  76  14:13  Probe  
  77  14:24  Probe  
  78  14:40  Photon Cannon  
  78  14:47  Assimilator  
  78  14:48  Pylon  
  78  14:51  Assimilator  
  78  14:52  Zealot  
  78  14:53  Zealot  
  74  15:00  Fleet Beacon  
  74  15:02  Stalker x2  
  78  15:07  Probe  
  78  15:08  Probe  
Show
View Real Time Build Order
Export as new Build Order

slider Protoss - Winner!

Build Orders:  

Get SALT Encoding   

  12  0:01  Probe (Chrono Boost)  
  13  0:16  Pylon  
  13  0:18  Probe (Chrono Boost)  
  14  0:36  Forge  
  14  0:41  Probe (Chrono Boost)  
  15  0:51  Probe (Chrono Boost)  
  16  1:02  Probe (Chrono Boost)  
  17  1:13  Pylon  
  17  1:14  Probe (Chrono Boost)  
  18  1:34  Photon Cannon  
  18  1:37  Gateway  
  18  1:43  Photon Cannon  
  18  2:00  Gateway  
  18  2:02  Photon Cannon  
  17  2:18  Assimilator  
  17  2:19  Probe (Chrono Boost)  
  17  2:21  Assimilator  
  18  2:23  Zealot  
  20  2:30  Probe (Chrono Boost)  
  21  2:41  Probe (Chrono Boost)  
  22  2:46  Nexus  
  24  2:58  Zealot  
  24  3:11  Zealot  
  26  3:13  Probe (Chrono Boost)  
  26  3:19  Pylon  
  27  3:24  Probe (Chrono Boost)  
  28  3:32  Zealot  
  30  3:34  Probe (Chrono Boost)  
  31  3:42  Pylon  
  31  3:45  Probe (Chrono Boost)  
  31  3:46  Zealot  
  34  3:55  Probe (Chrono Boost), Photon Cannon  
  35  3:59  Probe (Chrono Boost)  
  36  4:09  Cybernetics Core  
  37  4:10  Probe (Chrono Boost)  
  37  4:23  Photon Cannon  
  37  4:28  Protoss Ground Armor Level 1  
  37  4:31  Probe (Chrono Boost)  
  38  4:38  Probe (Chrono Boost)  
  39  4:49  Probe (Chrono Boost)  
  39  4:51  Photon Cannon  
  40  4:58  Photon Cannon  
  40  4:59  Warp Gate  
  41  5:00  Probe (Chrono Boost)  
  41  5:03  Twilight Council  
  41  5:06  Probe (Chrono Boost)  
  42  5:10  Probe (Chrono Boost), Zealot  
  45  5:16  Probe (Chrono Boost)  
  45  5:21  Probe (Chrono Boost), Gateway  
  45  5:35  Photon Cannon  
  44  5:38  Probe (Chrono Boost)  
  44  5:39  Stalker  
  47  5:48  Probe (Chrono Boost)  
  48  5:56  Stalker  
  50  6:06  Pylon  
  50  6:09  Stalker  
  52  6:15  Pylon  
  52  6:16  Probe (Chrono Boost)  
  53  6:26  Probe (Chrono Boost)  
  53  6:28  Photon Cannon  
  54  6:36  Photon Cannon  
  54  6:37  Probe (Chrono Boost)  
  55  6:42  Photon Cannon  
  55  6:49  Gateway  
  55  6:58  Probe (Chrono Boost)  
  57  7:08  Probe (Chrono Boost)  
  57  7:14  Robotics Facility  
  57  7:16  Pylon  
  57  7:19  Probe (Chrono Boost)  
  58  7:24  Photon Cannon  
  58  7:27  Charge  
  58  7:29  Probe (Chrono Boost)  
  59  7:30  Protoss Ground Armor Level 2  
  59  7:38  Pylon  
  59  7:40  Probe (Chrono Boost)  
  60  7:57  Photon Cannon  
  60  7:59  Zealot  
  60  8:01  Pylon  
  60  8:05  Assimilator  
  62  8:08  Photon Cannon, Stalker  
  62  8:09  Stalker x2  
  68  8:14  Observer  
  69  8:34  Photon Cannon  
  69  8:36  Observer, Photon Cannon  
  70  8:45  Gateway  
  70  8:49  Gateway  
  70  8:52  Photon Cannon  
  70  8:53  Gateway  
  70  8:57  Observer  
  70  8:58  Nexus  
  71  9:05  Probe (Chrono Boost)  
  72  9:16  Probe (Chrono Boost)  
  73  9:26  Probe (Chrono Boost)  
  74  9:50  Stalker x2  
  74  9:51  Stalker x2  
  82  10:07  Photon Cannon  
  82  10:10  Pylon  
  82  10:12  Zealot x2  
  86  10:32  Probe (Chrono Boost)  
  87  10:42  Probe (Chrono Boost)  
  88  10:53  Probe (Chrono Boost)  
  89  11:06  Protoss Ground Armor Level 3  
  89  11:17  Pylon  
  87  11:36  Zealot x3  
  87  11:37  Zealot x2  
  97  11:42  Pylon  
  97  11:45  Pylon  
  97  11:47  Pylon  
  97  11:48  Photon Cannon  
  97  11:50  Pylon, Gateway  
  97  11:53  Stargate  
  97  11:54  Stargate  
  97  11:57  Photon Cannon  
  97  11:58  Probe (Chrono Boost)  
  98  12:02  Assimilator  
  98  12:09  Probe (Chrono Boost)  
  99  12:19  Probe (Chrono Boost)  
  100  12:30  Probe (Chrono Boost)  
  100  12:34  Forge  
  101  12:53  Nexus  
  101  13:14  Pylon  
  101  13:15  Photon Cannon  
  101  13:18  Void Ray x2  
  109  13:23  Stargate  
  109  13:59  Pylon  
  109  14:01  Void Ray x2  
  109  14:02  Pylon  
  117  14:17  Observer  
  118  14:27  Assimilator  
  118  14:33  Probe (Chrono Boost)  
  118  14:38  Observer  
  120  14:43  Probe (Chrono Boost)  
  121  14:54  Probe (Chrono Boost)  
  122  15:04  Stargate  
Tags
 
Matchup
PvP
Replay Pack
All Mines
Spawn Locations
Cross Positions
Add a new tag
Caveats
  • Supply blocks, unpowered buildings, or Contaminate may cause inaccurate times.
  • Supply counts are checked every 10 seconds.